 Dungeon Crawl Stone Soup version 0.26.1-2-gb8aa6d0cf2 (webtiles) character file.

Game seed: 2999381895464592166

80 Gabide the Chucker (level 4, -1/33 HPs)
             Began as a Human Hunter on Mar 1, 2021.
             Slain by an orc
             ... wielding a +0 falchion
              (3 damage)
             ... on level 3 of the Dungeon.
             The game lasted 00:04:03 (2055 turns).

Gabide the Chucker (Human Hunter)                   Turns: 2055, Time: 00:04:03

Health: -1/33      AC:  3    Str: 13    XL:     4   Next: 65%
Magic:  4/4        EV: 12    Int: 12    God:
Gold:   39         SH:  3    Dex: 13    Spells: 3/3 levels left

rFire    . . .     SeeInvis .     - Unarmed
rCold    . . .     Faith    .   f - +0 buckler
rNeg     . . .     Spirit   .   b - +0 leather armour
rPois    .         Reflect  .   (no helmet)
rElec    .         Harm     .   (no cloak)
rCorr    .         Rampage  .   (no gloves)
Will     .....                  (no boots)
Stlth    +.........             (no amulet)
HPRegen  0.11/turn              (no ring)
MPRegen  0.09/turn              (no ring)

@: no status effects
A: no striking features
a: no special abilities


You were on level 3 of the Dungeon.
You visited 1 branch of the dungeon, and saw 3 of its levels.

You collected 39 gold pieces.

Inventory:

Missiles
 c - 6 javelins (quivered)
 d - 2 throwing nets
Armour
 b - a +0 leather armour (worn)
 e - a +0 tower shield
 f - a +0 buckler (worn)
Scrolls
 h - 3 scrolls of identify
 i - a scroll of teleportation
Potions
 g - a potion of might


   Skills:
 + Level 2.0 Fighting
 + Level 4.4 Throwing
 + Level 1.0 Armour
 * Level 2.9 Dodging
 - Level 1.0 Stealth
 * Level 2.2 Unarmed Combat


You had 3 spell levels left.
You didn't know any spells.
Your spell library was empty.

Dungeon Overview and Level Annotations

Branches:
Dungeon (3/15)

Altars:


Message History

Throw: 3 darts (poison)
Press: ? - help, Q - select action, (/) - cycle Shift-Dir - straight line, f - orc
Aim: an orc, wielding a +0 falchion (60% to hit)
You throw a poisoned dart. The poisoned dart hits the orc!
The orc is poisoned.
The orc closely misses you.
Throw: 2 darts (poison)
Press: ? - help, Q - select action, (/) - cycle Shift-Dir - straight line, f/p - orc
Aim: an orc, wielding a +0 falchion (very poisoned, 60% to hit)
You throw a poisoned dart. The poisoned dart hits the orc.
The orc looks even sicker.
Throw: dart (poison)
Press: ? - help, Q - select action, (/) - cycle Shift-Dir - straight line, f/p - orc
Aim: an orc, wielding a +0 falchion (very poisoned, 60% to hit)
You throw a poisoned dart. The poisoned dart hits the orc.
The orc looks as sick as possible!
The orc priest mumbles some strange prayers to Beogh against you.
Beogh smites you!
* * * LOW HITPOINT WARNING * * *
The orc hits you with a +0 falchion.
You die...

#.#.. # #.#..
.#######.#..
..#.....#.#.#
####o..#.###.#.#.#
#.@oo(.#.# #.#.#.#
#.##...#.#
#.#.#.## #.# ###.#
#.....(. #.#
#.#####.#.## #.#
#.....#.#.# #.#
###.....#.# #.#
#.#.###.# #.#
#.#<###.#
#.########.#.....#


You could see an orc priest and 2 orcs.

Vanquished Creatures
  A worker ant (D:3)
  An ooze (D:1)
  A worm (D:2)
  An orc (D:3)
  A ball python (D:1)
  A giant cockroach (D:1)
  4 goblins
  7 hobgoblins
  10 jackals (D:1)
  6 kobolds (D:1)
  2 quokkas (D:2)
  3 bats
  2 frilled lizards
  2 rats
42 creatures vanquished.

Notes
Turn   | Place    | Note
-------+----------+-------------------------------------------
     0 | D:1      | Gabide the Human Hunter began the quest for the Orb.
     0 | D:1      | Reached XP level 1. HP: 16/16 MP: 1/1
   192 | D:1      | Reached XP level 2. HP: 17/22 MP: 2/2
   346 | D:1      | Reached skill level 1 in Unarmed Combat
   906 | D:1      | Reached XP level 3. HP: 23/27 MP: 3/3
  1537 | D:2      | Reached skill level 1 in Armour
  1681 | D:2      | Reached XP level 4. HP: 33/33 MP: 4/4
  2055 | D:3      | Slain by an orc

Illustrated notes

Levels and vault maps discovered:
D:1:      dpeg_arrival_round_b, layout_loops_ring
D:2:      layout_rooms, kennysheep_decorative_pillar
D:3:      layout_basic, uniq_sigmund

Skill      XL: |  1  2  3 |
---------------+----------+-----
Unarmed Combat | 1 2 |  2.2
Armour         | 1 |  1.0
Fighting       | |  2.0
Throwing       | |  4.4
Dodging        | |  2.9
Stealth        | |  1.0

Action                   |  1- 3 |  4- 6 || total
-------------------------+-------+-------++-------
Melee: Unarmed           |   148 |    26 ||   174
Throw: Javelin           |     4 |       ||     4
       Boomerang         |    31 |       ||    31
       Dart              |     3 |    16 ||    19
  Use: Scroll            |     1 |     2 ||     3
 Stab: Sleeping          |     1 |       ||     1
Armor: Leather armour    |    50 |     4 ||    54
Dodge: Dodged            |   123 |    10 ||   133
Block: Buckler           |       |     1 ||     1
